 Dungeon Crawl Stone Soup version 0.30.0-29-ga12c61a403 (webtiles) character file.

Game seed: 12767478259957281908

204 McKennaii the Conjurer (level 5, -2/38 HPs)
             Began as a Demigod Conjurer on June 6, 2023.
             Killed from afar by a white imp (5 damage)
             ... with a puff of frost
             ... summoned by Eustachio
             ... on level 4 of the Dungeon.
             The game lasted 00:02:09 (2587 turns).

McKennaii the Conjurer (Demigod Conjurer)           Turns: 2587, Time: 00:02:10

Health: -2/38      AC:  2    Str:  8    XL:     5   Next: 26%
Magic:  13/13      EV: 12    Int: 24    God:
Gold:   183        SH:  0    Dex: 12    Spells: 10/11 levels left

rFire   . . .        (no weapon)
rCold   . . .        (no shield)
rNeg    . . .        a - +0 robe
rPois   .            (no helmet)
rElec   .            (no cloak)
rCorr   .            (no gloves)
SInv    .            (no boots)
Will    .....        f - amulet of magic regeneration
Stlth   ++           (no ring)
HPRegen 0.26/turn    (no ring)
MPRegen 0.53/turn

%: no passive effects
@: no status effects
A: high MP 1, forlorn, divine attributes
a: no special abilities


You were on level 4 of the Dungeon.
You visited 1 branch of the dungeon, and saw 4 of its levels.

You collected 183 gold pieces.

Inventory:

Armour
 a - a +0 robe (worn)
Jewellery
 f - an amulet of magic regeneration (around neck)
Wands
 p - a wand of polymorph (2)
Scrolls
 c - 3 scrolls of enchant armour {unknown}
 e - a scroll of magic mapping {unknown}
 h - a scroll of immolation {unknown}
 i - a scroll of noise {unknown}
 j - 2 scrolls of identify {unknown}
 k - a scroll of amnesia {unknown}
 m - a scroll of blinking {unknown}
 o - 2 scrolls of teleportation {unknown}
 q - a scroll of vulnerability {unknown}
 r - a scroll of poison {unknown}
Potions
 b - a potion of magic
 d - a potion of heal wounds {unknown}
 g - a potion of brilliance {unknown}
 l - a potion of might {unknown}
 n - a potion of invisibility {unknown}
 s - 3 potions of attraction {unknown}
 t - a potion of berserk rage {unknown}


   Skills:
 - Level 1.7 Dodging
 - Level 1.7 Stealth
 + Level 3.6 Spellcasting
 + Level 5.1 Conjurations


You had 10 spell levels left.
You knew the following spells:

 Your Spells              Type           Power      Damage    Failure   Level
a - Magic Dart            Conj           100%       1d8       1%          1

Your spell library contained the following spells:

 Spells                   Type           Power      Damage    Failure   Level
 Searing Ray              Conj           56%        2d6       1%          2
 Momentum Strike          Conj/Tloc      32%        3d8       5%          2
 Dazzling Flash           Conj/Hex       32%        N/A       11%         3
 Blink                    Tloc           8%         N/A       16%         2
 Lesser Beckoning         Tloc           8%         N/A       16%         2
 Fulminant Prism          Conj/Hex       8%         3d7       34%         4
 Iskenderun's Mystic Bla  Conj/Tloc      16%        2d5       34%         4


Dungeon Overview and Level Annotations

Branches:
Dungeon (4/15)
 Temple: D:4-7

Shops:
D:3 (

Annotations:
D:4 Eustachio


Innate Abilities, Weirdness & Mutations

You have an increased reservoir of magic. (+10% MP)
You shall have no god before yourself.
Your divine heritage dramatically boosts your attributes as you level up.


Message History

Eustachio mumbles some strange words.
You continue memorising.
The ufetubus barely misses you. The ufetubus hits you.
Your memorisation is interrupted.
The ufetubus hits you. x2
Unknown command.
Casting: Magic Dart (safe; 1% risk of failure)
Confirm with . or Enter, or press ? or * to list all spells.
You don't know that spell.
You hit the ufetubus but do no damage. The ufetubus barely misses you. x2
The endoplasm freezes you.
You are frozen.
Eustachio mumbles some strange words.
Eustachio blinks!
Unknown command.
The ufetubus attacks as you move away! The ufetubus closely misses you.
The ufetubus hits you. x2; The ufetubus closely misses you.
Eustachio mumbles some strange words.
The ufetubus attacks as you move away! The ufetubus hits you.
The ufetubus misses you.
The ufetubus disappears in a puff of smoke!
Eustachio gestures wildly while chanting.
Eustachio blinks!
The white imp spits at you. The white imp gestures at you.
The puff of frost misses you.
The white imp grins evilly.
The white imp gestures at you. The puff of frost hits you!
The white imp shouts, "Scamper home, thou warped weather-bitten deadneck!"
Casting: Magic Dart (safe; 1% risk of failure)
Confirm with . or Enter, or press ? or * to list all spells.
You don't know that spell.
Unknown command.
Unknown command.
The white imp gestures at you. The puff of frost hits you!
* * * LOW HITPOINT WARNING * * *
The white imp gestures at you. The puff of frost hits you.
You die...

#...# #.####.###...## ###.#.#
#...#######...##.# #....# #...#.#
....##.....##.##.####.#.###.##..<
....##.....##.##.##...#...#.....#
....##....)##.##.##.#####.###...#
................>...# #........
.#####.....#####.#### #########
.# #.....# #.# .# ####### #@#
.### #.# ##8## #.# #...## #.#
8...8# #.# .....## #.# .._..8#
#5# .....## #J# 8...8# #.#


You could see a white imp (summoned) and an endoplasm.

Vanquished Creatures
  A scorpion (D:4)
  A hound (D:4)
  5 adders
  2 worms (D:3)
  2 dart slugs (D:2)
  An orc (D:3)
  4 bats
  5 endoplasms
  A giant cockroach (D:2)
  8 goblins
  5 hobgoblins
  8 jackals
  2 quokkas (D:2)
  4 ball pythons
  7 kobolds
  6 rats
62 creatures vanquished.

Notes
Turn   | Place    | Note
-------+----------+-------------------------------------------
     0 | D:1      | McKennaii the Demigod Conjurer began the quest for the Orb.
     0 | D:1      | Reached XP level 1. HP: 14/14 MP: 5/5
   286 | D:1      | Reached XP level 2. HP: 20/20 MP: 5/7
   345 | D:1      | Reached skill level 4 in Conjurations
   628 | D:2      | Reached XP level 3. HP: 26/26 MP: 6/9
  1322 | D:3      | Reached XP level 4. HP: 33/33 MP: 7/11
  1835 | D:3      | Found Lenura's Weapon Boutique.
  2216 | D:4      | Reached XP level 5. HP: 38/38 MP: 8/13
  2325 | D:4      | Reached skill level 5 in Conjurations
  2560 | D:4      | Noticed Eustachio
  2587 | D:4      | Killed from afar by a white imp

Illustrated notes

Levels and vault maps discovered:
D:1:      wander_arrival_fairy_ring, layout_rooms, minmay_box_of_dots
D:2:      layout_loops_ring, chequers_big_river, corexii_leaking_fountain,
          minmay_tromino_i4
D:3:      layout_loops_ring, nicolae_uskayaw_murder_on_the_dancefloor,
          lemuel_tele_altar, nemelex_xobeh_ov_fountains_minmay, zin_scriptorium,
          serial_shops, nicolae_shop_statue_plus,
          hellmonk_ecumenical_altar_dog_temple
D:4:      layout_basic, nzn_wu_jian_council_hall,
          hellmonk_ghost_happy_afterlife, minmay_misc_feat_alley, uniq_eustachio

Skill      XL: |  1  2  3  4  5 |
---------------+----------------+-----
Spellcasting   | 2 3 |  3.6
Conjurations   | 4 5 |  5.1
Dodging        | |  1.7
Stealth        | |  1.7

Action                     |  1- 3 |  4- 6 || total
---------------------------+-------+-------++-------
  Melee: Unarmed           |    12 |     1 ||    13
   Cast: Magic Dart        |    89 |    49 ||   138
 Armour: Robe              |    11 |     1 ||    12
  Dodge: Dodged            |    35 |    16 ||    51
